 Dungeon Crawl Stone Soup version 0.30.0-17-ge0270778cf (webtiles) character file.

Game seed: 10359574740346056736

56 MacCMillion the Shield-Bearer (level 3, -1/32 HPs)
             Began as an Armataur Fighter on May 22, 2023.
             Slain by a water moccasin (4 damage)
             ... on level 4 of the Dungeon.
             The game lasted 00:03:43 (1308 turns).

MacCMillion the Shield-Bearer (Armataur Fighter)    Turns: 1308, Time: 00:03:43

Health: -1/32      AC:  7    Str: 23    XL:     3   Next: 71%
Magic:  3/3        EV:  7    Int:  8    God:
Gold:   149        SH:  4    Dex:  9    Spells: 2/2 levels left

rFire   . . .        a - +0 flail
rCold   . . .        c - +0 buckler
rNeg    . . .        b - +0 scale mail
rPois   .            (no helmet)
rElec   .            (no cloak)
rCorr   .            (no gloves)
SInv    .            (no barding)
Will    .....        (no amulet) Stlth
                     (no ring)
HPRegen 0.25/turn    (no ring)
MPRegen 0.08/turn

%: roll
@: lethally poisoned (-1 -> -6), invisible
A: large, rugged brown scales 3, deformed body, armoured tail, roll, long
tongue, awkward tongue
a: no special abilities


You were on level 4 of the Dungeon.
You visited 1 branch of the dungeon, and saw 3 of its levels.

You collected 149 gold pieces.

Inventory:

Hand Weapons
 a - a +0 flail (weapon)
Armour
 b - a +0 scale mail (worn)
 c - a +0 buckler (worn)
Scrolls
 e - a scroll of fear
 f - a scroll of poison
Potions
 d - a potion of might


   Skills:
 - Level 2.6 Fighting
 + Level 3.2 Maces & Flails
 - Level 3.7 Armour
 - Level 4.0 Shields


You had 2 spell levels left.
You didn't know any spells.
Your spell library was empty.

Dungeon Overview and Level Annotations

Branches:
Dungeon (4/15)
 Temple: D:4-7

Altars:


Innate Abilities, Weirdness & Mutations

You are completely covered in rugged brown scales. (AC +3, +7% HP)
Armour fits poorly on your strangely shaped body.
You have a long armoured tail.
You roll when moving toward enemies. (Rampage)
Your long tongue fully drains potion bottles. (2x potion effects)
Your tongue gives you trouble enunciating. (1.5x scroll delay)


Message History

You barely miss the water moccasin.
The water moccasin is severely wounded.
You feel very sick. The water moccasin closely misses you.
The water moccasin bites you.
You miss the water moccasin.
The water moccasin is severely wounded.
You feel sick. The water moccasin bites you. x2
You are too injured to fight recklessly!
Unknown command.
It was a potion of invisibility.
You fade into invisibility!
You slurp down every last drop of the potion of invisibility!
You feel sick. You block the water moccasin's attack.
You miss the water moccasin.
The water moccasin is severely wounded.
You feel sick.
The water moccasin bites you but does no damage.
The water moccasin barely misses you.
You closely miss the water moccasin.
The water moccasin is severely wounded.
You feel sick. You block the water moccasin's attack.
The water moccasin bites you.
* * * LOW HITPOINT WARNING * * *
You are lethally poisoned!
The water moccasin poisons you!
It was a potion of magic.
Magic courses through your body.
You slurp down every last drop of the potion of magic!
* * * LOW HITPOINT WARNING * * *
You feel very sick. The water moccasin closely misses you.
You hit the water moccasin.
The water moccasin is almost dead.
* * * LOW HITPOINT WARNING * * *
You feel sick. You block the water moccasin's attack.
The water moccasin bites you but does no damage.
You miss the water moccasin.
The water moccasin is almost dead.
* * * LOW HITPOINT WARNING * * *
You feel sick. The water moccasin bites you.
You die...

### ###.#
###..##
###...##
##.@.###
##.S###
##†>##
##.)##
##..##
###).##
#.###..)##
#.....##
#$...##


You could see a water moccasin (unable to see you).

Vanquished Creatures
  2 adders
  A dart slug (D:1)
  3 orcs (D:4)
  2 ball pythons (D:1)
  4 endoplasms
  2 goblins (D:1)
  3 hobgoblins
  3 jackals (D:1)
  3 kobolds
  A bat (D:2)
  2 frilled lizards (D:1)
  6 rats (D:1)
32 creatures vanquished.

Notes
Turn   | Place    | Note
-------+----------+-------------------------------------------
     0 | D:1      | MacCMillion the Armataur Fighter began the quest for the
                  | Orb.
     0 | D:1      | Reached XP level 1. HP: 19/19 MP: 1/1
   160 | D:1      | Reached XP level 2. HP: 20/26 MP: 2/2
   521 | D:1      | Found a faded altar of an unknown god.
   915 | D:2      | Reached skill level 4 in Shields
   954 | D:2      | Reached XP level 3. HP: 20/32 MP: 3/3
  1147 | D:2      | You fall into a shaft and drop 2 floors!
  1287 | D:4      | Noticed a water moccasin
  1308 | D:4      | Slain by a water moccasin

Illustrated notes

Levels and vault maps discovered:
D:1:      co_arrival_square_in_a_square_in_a_square, layout_loops_ring,
          shapermc_ecumenical_altar_starsandcircs
D:2:      layout_basic, columned_hall_lemuel, minmay_pentomino_o4
D:4:      minmay_chambers_of_fours, layout_layer_cave

Skill      XL: |  1  2  3 |
---------------+----------+-----
Maces & Flails | 2 3 |  3.2
Shields        | 4 |  4.0
Fighting       | |  2.6
Armour         | |  3.7

Action                     || total
---------------------------++-------
  Melee: Flail             ||   118
         Tailslap          ||     4
    Use: Scroll            ||     2
         Potion            ||     2
 Armour: Scale mail        ||    55
  Dodge: Dodged            ||    35
  Block: Buckler           ||    24
